[Event "Team 45 45 League T65"]
[Site "Internet Chess Club"]
[Date "2015.06.20"]
[Round "3"]
[White "pcvan"]
[Black "timothysmall56"]
[Result "0-1"]
[WhiteElo "1559"]
[BlackElo "1760"]
[Opening "Caro-Kann: exchange variation"]
[ECO "B13"]
[Time "20:25:49"]
[TimeControl "2700+45"]

1. e4 c6 2. d4 d5 3. exd5 cxd5 4. Bd3 Nf6 5. c3 e6 6. Nf3 Nc6 7. O-O Be7 8. Bg5
O-O 9. Qc2 h6 10. Bh4 Bd7 11. Nbd2 Rc8 12. Rae1 Nb4 13. Qb1 Nxd3 14. Qxd3 a6 15.
b3 Qa5 16. Ra1 Rxc3 17. Qb1 Bb5 18. Rc1 Rfc8 19. Rxc3 Qxc3 20. a4 Bd3 21. Qe1 g5
22. Bg3 Ne4 23. Rd1 Bb4 24. Qe3 Qc2 25. Qe1 Nxd2 26. Nxd2 Qb2 27. Nc4 Rxc4
{White resigns} 0-1

[Event "Team 45 45 League T65"]
[Site "Internet Chess Club"]
[Date "2015.06.21"]
[Round "3"]
[White "QuieroAprender"]
[Black "Andaluz"]
[Result "1/2-1/2"]
[WhiteElo "1660"]
[BlackElo "1378"]
[Opening "Sicilian: Grand Prix attack"]
[ECO "B21"]
[Time "14:30:46"]
[TimeControl "2700+45"]

1. e4 c5 2. f4 g6 3. Nf3 Bg7 4. Bc4 d6 5. O-O Nc6 6. c3 e6 7. d4 Nge7 8. Be3 Qb6
9. dxc5 dxc5 10. Nbd2 Qxb2 11. Bxc5 Qxc3 12. Rc1 Qa5 13. Nb3 Qd8 14. e5 O-O 15.
Bd6 Re8 16. Bb5 Qb6+ 17. Nfd4 Bd7 18. Bc5 Qd8 19. Bd6 Qb6 20. Bc5 Qd8 21. Bd6
Qb6 {Game drawn by repetition} 1/2-1/2

[Event "Team 45 45 League T65"]
[Site "Internet Chess Club"]
[Date "2015.06.19"]
[Round "3"]
[White "willhelm"]
[Black "LittleButton"]
[Result "1-0"]
[WhiteElo "1953"]
[BlackElo "1849"]
[Opening "Queen's pawn game"]
[ECO "D02"]
[Time "15:00:37"]
[TimeControl "2700+45"]

1. d4 d5 2. Nf3 e6 3. c4 a6 4. cxd5 exd5 5. Bg5 Be7 6. Bxe7 Nxe7 7. e3 c6 8. Bd3
Bf5 9. O-O O-O 10. Nc3 Qd7 11. Na4 Bxd3 12. Qxd3 Qc7 13. Rfc1 Nd7 14. b4 b5 15.
Nc5 Nb6 16. a4 Nc4 17. Ra2 f5 18. Ne6 Qd7 19. Nxf8 Rxf8 20. axb5 axb5 21. Rca1
Qd6 22. Qc3 f4 23. Ra8 fxe3 24. Rxf8+ Kxf8 25. fxe3 Nf5 26. Ra8+ Kf7 27. e4 dxe4
28. Ng5+ Kg6 29. Nxe4 Qf4 30. Nc5 Nfe3 31. Qd3+ Kh6 32. Ra6 Qh4 33. Rxc6+ g6 34.
g3 Qh3 35. Qe2 Qf5 36. Nd3 Qe4 37. Ra6 Qxd4 38. Nf2 Qd5 39. Ng4+ Nxg4 40. Qxg4
Kg7 41. Ra7+ Kf6 42. Qf4+ Ke6 43. Qf7+ {Black resigns} 1-0

[Event "Team 45 45 League T65"]
[Site "Internet Chess Club"]
[Date "2015.06.21"]
[Round "3"]
[White "LazyPeon"]
[Black "keshavp"]
[Result "1/2-1/2"]
[WhiteElo "1749"]
[BlackElo "1759"]
[Opening "QGD Slav: 4.e3"]
[ECO "D11"]
[Time "12:30:24"]
[TimeControl "2700+45"]

1. d4 d5 2. c4 c6 3. Nf3 Nf6 4. e3 Bg4 5. Qb3 Qb6 6. Nc3 Qxb3 7. axb3 Bxf3 8.
gxf3 e6 9. e4 Bb4 10. e5 Nfd7 11. Rg1 g6 12. Bd2 a5 13. Bd3 Be7 14. Bg5 b6 15.
Rc1 f6 16. Bf4 fxe5 17. Bxe5 Nxe5 18. dxe5 Nd7 19. f4 Nc5 20. Bc2 Rf8 21. Rg4
Kd7 22. Ke2 Rf7 23. Ke3 Raf8 24. Ne2 Rg7 25. Rcg1 Kc7 26. Nd4 Kd7 27. h4 Rgf7
28. Nf3 Na6 29. Rh1 Bc5+ 30. Nd4 Bxd4+ 31. Kxd4 Rxf4+ 32. Rxf4 Rxf4+ 33. Ke3 Rf7
34. h5 d4+ 35. Kxd4 Rxf2 36. hxg6 hxg6 37. Rh7+ Kd8 38. Bxg6 Rxb2 39. Rh8+ Ke7
40. Rh7+ Kd8 41. Rh8+ Ke7 42. Rh7+ {Game drawn by mutual agreement} 1/2-1/2

[Event "Team 45 45 League T65"]
[Site "Internet Chess Club"]
[Date "2015.06.19"]
[Round "3"]
[White "fkramer"]
[Black "freakypawn"]
[Result "1-0"]
[WhiteElo "1815"]
[BlackElo "1730"]
[Opening "Queen's pawn game"]
[ECO "D00"]
[Time "21:01:12"]
[TimeControl "2700+45"]

1. d4 d5 2. c3 Nf6 3. Nf3 Bf5 4. Bf4 e6 5. e3 Be7 6. h3 Nbd7 7. Nbd2 h6 8. Ne5
c5 9. Ndf3 Qb6 10. Qd2 Ne4 11. Qc1 Nxe5 12. Bxe5 f6 13. Bh2 c4 14. Be2 g5 15.
Nd2 h5 16. f3 Nd6 17. Kf2 h4 18. Bd1 Kf7 19. Bc2 Bxc2 20. Qxc2 Nf5 21. Rhe1 Bd6
22. Bxd6 Qxd6 23. Nf1 b5 24. e4 Ng3 25. Nxg3 Qxg3+ 26. Kg1 Qd6 27. e5 fxe5 28.
Rxe5 Rag8 29. Rae1 Rg6 30. Qd2 Rhg8 31. Kh1 Qd8 32. Qe3 Qf6 33. Qe2 Qf4 34. Rxd5
a6 35. Re5 Re8 36. Qf2 Rd8 37. R1e4 Qf6 38. Qe3 Rd5 39. Rxd5 exd5 40. Re5 Qd8
41. Rf5+ Kg8 42. Qe5 {Black forfeits on time} 1-0

[Event "Team 45 45 League T65"]
[Site "Internet Chess Club"]
[Date "2015.06.18"]
[Round "3"]
[White "OperaDude94"]
[Black "Schachteufel"]
[Result "1/2-1/2"]
[WhiteElo "1862"]
[BlackElo "1697"]
[Opening "QGD: Albin counter-gambit"]
[ECO "D08"]
[Time "12:01:04"]
[TimeControl "2700+45"]

1. d4 d5 2. c4 e5 3. dxe5 d4 4. Nf3 Nc6 5. e3 Bb4+ 6. Bd2 dxe3 7. fxe3 Bg4 8.
Be2 Bxf3 9. Bxf3 Qh4+ 10. g3 Qxc4 11. Be2 Qe4 12. O-O O-O-O 13. Nc3 Qxe5 14. Qc2
Nf6 15. Rad1 h5 16. Rf5 Rxd2 17. Rxd2 Qxe3+ 18. Kg2 Nd4 19. Rxd4 Qxd4 20. Nb5
Qb6 21. a3 Bd6 22. Bf3 a6 23. Nc3 Re8 24. Bxh5 Nxh5 25. Rxh5 Qc6+ 26. Kh3 g6 27.
Rh7 Qf3 28. Qa4 Qf1+ 29. Kg4 f5+ 30. Kg5 Rg8 31. Qb3 Qc1+ 32. Kf6 Rf8+ 33. Kxg6
f4 34. Qe6+ Kb8 35. Ne4 Qc2 36. Kg5 {Game drawn by mutual agreement} 1/2-1/2